Map: Proxima Station LE

Players

Gerald - Winner!

  • Race: Protoss Protoss
  • Spawn Location: 1:00

SolO

  • Race: Zerg Zerg
  • Spawn Location: 7:00

Event: WCS Valencia 2017

VOD

Have the link to the VOD?

Description

Time

  • Played on: July 13, 2017, 8:04 a.m.
  • Length: 15:18

All games in this series

Show
View Real Time Build Order
Export as new Build Order

Gerald Protoss - Winner!

Build Orders: 1 Gate Expand, Zealot Archon, Dark Templar Rush 

Get SALT Encoding   

  12  0:00  Probe (Chrono Boost)  
  13  0:11  Probe (Chrono Boost)  
  14  0:17  Pylon  
  14  0:23  Probe (Chrono Boost)  
  15  0:35  Probe (Chrono Boost)  
  16  0:40  Gateway  
  16  0:45  Assimilator  
  16  0:47  Probe (Chrono Boost)  
  17  0:58  Probe (Chrono Boost)  
  17  1:01  Pylon  
  18  1:08  Probe (Chrono Boost)  
  19  1:19  Probe (Chrono Boost)  
  20  1:29  Probe (Chrono Boost)  
  20  1:30  Nexus  
  21  1:40  Probe (Chrono Boost)  
  21  1:43  Cybernetics Core  
  22  1:52  Probe (Chrono Boost)  
  22  1:53  Assimilator  
  23  1:59  Pylon  
  23  2:17  Probe (Chrono Boost)  
  23  2:20  Warp Gate, Adept (Chrono Boost)  
  26  2:24  Twilight Council  
  26  2:28  Probe  
  26  2:40  Probe  
  26  2:43  Probe  
  24  2:44  Stalker (Chrono Boost)  
  29  2:50  Pylon  
  30  2:52  Probe  
  30  2:54  Probe  
  32  3:04  Robotics Facility  
  32  3:07  Probe (Chrono Boost)  
  32  3:11  Probe (Chrono Boost)  
  34  3:21  Probe (Chrono Boost), Dark Shrine  
  34  3:23  Probe (Chrono Boost)  
  36  3:32  Probe (Chrono Boost)  
  36  3:33  Probe (Chrono Boost)  
  36  3:41  Adept  
  36  3:42  Probe (Chrono Boost)  
  36  3:44  Probe (Chrono Boost)  
  36  3:47  Gateway  
  40  3:49  Gateway  
  40  3:53  Probe (Chrono Boost)  
  41  3:56  Gateway  
  41  3:58  Probe (Chrono Boost)  
  42  4:05  Warp Prism (Chrono Boost)  
  42  4:07  Probe  
  45  4:10  Probe  
  46  4:19  Probe  
  46  4:20  Probe  
  46  4:23  Assimilator  
  48  4:24  Assimilator  
  48  4:25  Pylon  
  48  4:31  Probe  
  48  4:32  Mothership Core  
  48  4:37  Warp Prism (Chrono Boost)  
  53  4:44  Probe, Pylon  
  54  4:53  Probe  
  54  4:54  Probe  
  56  5:04  Dark Templar  
  56  5:05  Probe  
  56  5:06  Pylon  
  59  5:10  Dark Templar x3  
  65  5:14  Probe, Archon x2  
  66  5:21  Nexus  
  66  5:27  Probe  
  67  5:33  Probe  
  68  5:35  Pylon  
  68  5:38  Dark Templar  
  70  5:43  Dark Templar x2  
  74  5:50  Probe, Dark Templar  
  74  5:51  Probe  
  74  5:52  Pylon  
  78  5:57  Archon  
  78  5:58  Archon  
  78  5:59  Charge  
  78  6:00  Probe  
  78  6:03  Probe  
  80  6:07  Immortal (Chrono Boost)  
  84  6:19  Probe x2  
  84  6:20  Zealot x2  
  84  6:22  Pylon  
  90  6:32  Probe x2  
  91  6:37  Gateway  
  91  6:38  Gateway  
  92  6:41  Immortal (Chrono Boost)  
  96  6:49  Probe  
  96  6:50  Probe  
  96  6:52  Gateway  
  96  6:53  Gateway  
  98  6:54  Pylon  
  98  6:56  Pylon  
  98  6:57  Probe  
  99  7:08  Zealot x2, Sentry x2  
  107  7:17  Pylon  
  107  7:18  Probe  
  107  7:19  Templar Archives, Assimilator  
  107  7:21  Assimilator  
  108  7:22  Probe  
  109  7:33  Zealot x4  
  109  7:35  Probe, Immortal (Chrono Boost)  
  122  7:43  Pylon  
  122  7:45  Probe, Dark Templar  
  122  7:46  Dark Templar  
  122  7:50  Dark Templar x2  
  122  7:51  Probe  
  132  7:52  Probe  
  132  7:55  Probe  
  134  8:05  Zealot x4, Archon  
  138  8:07  Probe  
  138  8:11  Pylon  
  143  8:21  Observer (Chrono Boost)  
  143  8:22  Nexus  
  143  8:23  Pylon  
  143  8:25  Archon  
  136  8:31  Psionic Storm  
  112  8:36  Zealot x8  
  112  8:39  Immortal (Chrono Boost)  
  132  8:55  Probe  
  133  8:56  High Templar x3  
  139  9:11  Probe  
  139  9:14  Zealot x4  
  139  9:15  Probe  
  139  9:16  Probe  
  142  9:20  High Templar x2  
  142  9:21  Zealot x2  
  142  9:23  Probe  
  141  9:24  Forge  
  141  9:26  Probe  
  141  9:27  Forge, Probe  
  141  9:30  Pylon  
  143  9:37  Probe  
  143  9:38  Probe  
  143  9:39  Probe  
  143  9:45  Dark Templar x4  
  150  9:46  Probe  
  150  9:47  Immortal  
  156  10:03  Archon x2  
  156  10:07  Archon  
  142  10:09  Zealot x4  
  146  10:15  Probe  
  146  10:16  Protoss Ground Armor Level 1 (Chrono Boost), Protoss Ground Weapons Level 1 (Chrono Boost)  
  146  10:21  Assimilator  
  147  10:25  Assimilator  
  147  10:26  Immortal  
  147  10:27  Zealot x4, Photon Cannon  
  159  10:30  Pylon  
  159  10:43  Zealot x4  
  167  10:51  High Templar x4  
  167  10:53  Probe  
  167  10:56  Robotics Facility  
  176  10:57  Pylon  
  176  11:03  Stargate  
  176  11:05  Stargate  
  176  11:07  Observer, Pylon  
  176  11:08  Pylon  
  177  11:12  Photon Cannon  
  177  11:13  Photon Cannon  
  177  11:15  Photon Cannon  
  177  11:17  Pylon  
  177  11:18  Gateway  
  177  11:19  Gateway  
  177  11:23  Gateway  
  167  11:29  Dark Templar x5  
  177  11:35  Archon x3  
  177  11:38  Warp Prism  
  179  11:41  Zealot x3  
  185  11:49  Fleet Beacon  
  171  12:05  Zealot x6  
  171  12:06  Zealot x2  
  148  12:52  Archon  
  148  12:55  Zealot x5, Nexus  
  140  12:58  Zealot x3  
  140  12:59  Zealot x3  
  140  13:00  Assimilator  
  140  13:01  Observer, Carrier  
  140  13:02  Carrier  
  140  13:03  Mothership Core  
  140  13:04  Assimilator  
  163  13:05  Pylon  
  157  13:18  High Templar x6  
  169  13:22  Immortal  
  169  13:24  Archon  
  169  13:25  Zealot  
  169  13:26  Zealot x4, Probe  
  184  13:34  Archon x2  
  161  13:49  Dark Templar x5  
  136  14:04  Zealot x6  
  138  14:16  Archon x2  
  136  14:19  Probe  
  135  14:25  Assimilator  
  135  14:27  Pylon  
  135  14:30  Dark Templar  
  135  14:31  Dark Templar x4  
  155  14:32  Zealot x2  
  155  14:33  Zealot x3  
  166  14:38  Probe  
  166  14:42  Archon x3  
  166  14:49  Zealot  
  168  14:56  Zealot, Dark Templar x3  
  176  15:04  Photon Cannon  
  176  15:06  Photon Cannon  
Show
View Real Time Build Order
Export as new Build Order

SolO Zerg 

Build Orders: Hatch First, Lurkers 

Get SALT Encoding   

  12  0:00  Drone  
  13  0:12  Overlord  
  13  0:16  Drone  
  14  0:31  Drone x2  
  14  0:34  Drone  
  17  0:51  Hatchery  
  17  0:56  Drone  
  17  0:59  Drone  
  18  1:09  Extractor  
  17  1:13  Spawning Pool  
  17  1:16  Drone  
  17  1:20  Drone  
  18  1:30  Drone  
  19  1:39  Overlord  
  19  1:59  Queen  
  19  2:00  Zergling x4  
  23  2:03  Queen, Drone  
  26  2:08  Metabolic Boost  
  26  2:11  Drone  
  26  2:14  Drone  
  28  2:22  Drone  
  29  2:27  Drone  
  30  2:36  Hatchery  
  29  2:43  Queen  
  31  2:46  Drone  
  31  2:50  Overlord  
  32  2:53  Drone  
  32  2:55  Drone  
  34  3:02  Drone x2  
  36  3:12  Drone  
  37  3:13  Drone x3  
  37  3:14  Overlord  
  37  3:17  Zergling x4  
  42  3:21  Drone  
  42  3:22  Drone  
  43  3:37  Spore Crawler  
  43  3:39  Drone  
  43  3:40  Drone x2  
  45  3:45  Baneling Nest  
  45  3:48  Queen  
  44  3:49  Drone x5  
  44  3:53  Drone  
  44  3:54  Drone x2  
  54  3:56  Drone x2  
  54  4:00  Overlord  
  56  4:06  Drone  
  57  4:15  Overlord  
  57  4:18  Zergling x2  
  57  4:19  Zergling x10  
  57  4:24  Queen  
  63  4:25  Spore Crawler  
  63  4:27  Spore Crawler  
  63  4:28  Spore Crawler  
  63  4:30  Overlord x2  
  62  4:34  Queen  
  64  4:39  Zergling x2  
  64  4:41  Overlord  
  65  4:46  Evolution Chamber  
  65  4:47  Lair  
  65  4:49  Drone  
  65  4:50  Drone x2  
  67  4:55  Drone x2  
  67  4:59  Queen, Drone x3  
  72  5:01  Extractor, Drone  
  72  5:05  Drone x2  
  76  5:12  Queen, Zerg Melee Weapons Level 1  
  76  5:14  Zergling x6  
  79  5:18  Overlord  
  81  5:23  Drone  
  81  5:24  Drone x2  
  81  5:25  Extractor  
  81  5:28  Overlord x2  
  83  5:31  Overlord  
  82  5:37  Overlord  
  82  5:38  Drone  
  82  5:39  Drone x3  
  84  5:44  Extractor, Zergling x2  
  84  5:45  Zergling x10  
  86  5:58  Drone  
  86  5:59  Drone, Hydralisk Den  
  86  6:00  Drone x4  
  86  6:01  Overseer  
  86  6:02  Extractor x2, Centrifical Hooks  
  89  6:07  Queen, Drone x3  
  90  6:19  Zergling x2  
  90  6:20  Zergling x12  
  92  6:39  Muscular Augments  
  88  6:41  Hydralisk x4  
  92  6:52  Drone x3  
  95  6:56  Hydralisk x2  
  95  6:58  Drone x4  
  103  7:07  Zerg Melee Weapons Level 2  
  103  7:08  Zergling x8  
  100  7:09  Zergling x2  
  104  7:22  Hydralisk x4  
  106  7:23  Zergling x8  
  116  7:33  Hydralisk  
  116  7:34  Hydralisk x2  
  116  7:36  Overlord x3  
  120  7:42  Overlord  
  120  7:44  Overlord  
  120  7:51  Spore Crawler  
  120  7:52  Spore Crawler, Drone x2  
  120  7:53  Spore Crawler, Drone  
  120  7:54  Spore Crawler  
  120  7:55  Zergling x2  
  120  7:56  Spore Crawler, Zergling x4  
  120  7:57  Overseer  
  118  8:05  Zergling x2  
  118  8:06  Zergling x10  
  118  8:08  Baneling x5  
  118  8:09  Baneling x2  
  118  8:10  Baneling x2  
  118  8:11  Baneling  
  118  8:12  Baneling  
  123  8:13  Baneling x3  
  123  8:14  Baneling  
  123  8:15  Baneling  
  123  8:17  Drone  
  123  8:18  Drone  
  109  8:34  Hydralisk x2  
  109  8:35  Hydralisk x6  
  109  8:39  Baneling  
  109  8:40  Baneling x6  
  125  8:44  Zergling x2  
  125  8:45  Zergling x4  
  128  8:48  Drone  
  128  8:52  Lurker Den  
  129  8:57  Zergling x16  
  137  9:05  Baneling x4  
  137  9:06  Baneling  
  136  9:11  Zergling x6  
  136  9:29  Baneling x5  
  136  9:30  Overseer, Hatchery, Baneling x9  
  135  9:32  Zergling x16  
  143  9:41  Hatchery  
  142  9:46  Baneling x2  
  142  9:47  Baneling  
  142  9:50  Zergling x14  
  106  10:09  Hydralisk x4  
  106  10:10  Hydralisk x4  
  106  10:11  Zergling x2  
  107  10:16  Baneling x3  
  107  10:20  Hydralisk x3  
  113  10:29  Drone  
  113  10:31  Lurker  
  113  10:32  Baneling  
  113  10:33  Baneling x14  
  115  10:37  Zergling x6  
  118  10:43  Lurker  
  118  10:44  Lurker  
  118  10:45  Zergling x2  
  118  10:46  Zergling x8  
  125  10:52  Overseer  
  125  10:54  Lurker  
  123  11:01  Zergling x6  
  123  11:02  Zergling x12  
  132  11:07  Lurker x2  
  134  11:13  Pneumatized Carapace  
  134  11:21  Zergling x14  
  136  11:26  Hatchery  
  136  11:30  Lurker  
  136  11:31  Lurker  
  136  11:32  Overlord x3  
  133  11:54  Hydralisk x3  
  133  11:55  Hydralisk x3  
  142  12:06  Hydralisk x5  
  152  12:14  Spore Crawler, Infestation Pit  
  150  12:16  Spore Crawler, Baneling  
  150  12:17  Baneling x7  
  149  12:24  Lurker  
  149  12:26  Zergling x2  
  149  12:27  Zergling x10  
  156  12:30  Lurker  
  156  12:35  Hydralisk x2  
  129  12:52  Hydralisk x5  
  134  13:05  Zergling x12  
  136  13:13  Zergling x2  
  136  13:14  Zergling x10  
  142  13:20  Zergling x2  
  142  13:21  Zergling x8  
  142  13:27  Lurker x2  
  147  13:33  Zergling x2  
  151  13:34  Zergling x8  
  152  13:45  Baneling x10  
  148  13:52  Overlord x2  
  138  14:03  Overseer  
  138  14:07  Hydralisk x3  
  138  14:08  Zergling x2  
  97  14:19  Zergling x2  
  97  14:20  Zergling x6  
  95  14:31  Hydralisk x2  
  99  14:43  Lurker x3  
  99  14:44  Lurker  
  103  14:54  Overseer  
  103  14:55  Overseer  
  103  15:11  Hatchery  
Tags
 
Add a new tag
Caveats
  • Supply blocks, unpowered buildings, or Contaminate may cause inaccurate times.
  • Supply counts are checked every 10 seconds.